Map: Mist Opportunities

Players

wasp

  • Race: Protoss Protoss

larsgj

  • Race: Terran Terran

VOD

Have the link to the VOD?

Description

Time

  • Played on: Sept. 16, 2018, 8:08 a.m.
  • Length: 31:01
Show
View Real Time Build Order
Export as new Build Order

wasp Protoss 

Build Orders:  

Get SALT Encoding   

    0:38  Probe x12 (Chrono Boost)  
    0:52  Unknown x7  
  12  1:13  Pylon  
  12  1:59  Gateway  
  12  2:22  Pylon  
  12  2:51  Gateway  
  12  3:09  Pylon  
  12  3:11  Legionnaire  
  15  3:40  Legionnaire  
  15  3:42  Kaldalis' A.I. Personality  
  18  4:08  Legionnaire  
  21  4:10  Legionnaire  
  24  4:38  Legionnaire  
  27  4:58  Legionnaire  
  30  5:08  Legionnaire  
  33  5:40  Cybernetics Core  
  33  5:48  Legionnaire  
  36  7:28  Assimilator  
  36  7:34  Assimilator  
  36  8:38  Adept  
  38  8:53  Talis' A.I. Personality  
  38  16:20  Pylon  
  38  16:28  Pylon  
  38  16:42  Pylon  
  38  18:09  Conservator  
  40  18:10  Conservator  
  42  18:46  Conservator  
  42  18:47  Conservator  
  46  19:22  Legionnaire  
  46  19:24  Legionnaire  
  52  19:52  Legionnaire  
  52  19:54  Legionnaire  
  58  20:22  Adept  
  58  20:24  Adept  
  62  21:07  Conservator  
  62  21:24  Conservator x2  
  62  21:25  Conservator  
  62  21:26  Conservator  
  62  23:20  Pylon  
  62  23:33  Pylon  
  62  23:49  Pylon  
  62  24:20  Forge  
  62  24:44  Legionnaire  
  62  24:45  Legionnaire  
  68  25:13  Legionnaire  
  68  25:15  Conservator  
  73  25:43  Conservator  
  75  25:52  Adept  
  77  26:20  Adept  
  79  26:30  Adept  
  81  26:58  Adept  
  83  27:08  Adept  
  85  30:43  Photon Cannon  
Show
View Real Time Build Order
Export as new Build Order

larsgj Terran 

Build Orders:  

Get SALT Encoding   

    0:17  Orbital Command  
    0:35  SCV x12  
    0:52  Unknown x2  
  12  1:15  Supply Depot  
  12  1:18  SCV  
  13  1:35  SCV  
  14  1:48  Barracks  
  14  1:52  SCV  
  15  2:00  Refinery  
  15  2:09  SCV  
  16  2:26  SCV  
  16  2:27  Refinery  
  16  2:28  Marine  
  18  2:43  SCV  
  19  2:53  Marine  
  19  3:00  SCV  
  20  3:05  Marine  
  22  3:16  SCV  
  22  3:19  Supply Depot  
  23  3:49  Marine, SCV  
  25  3:50  Supply Depot  
  25  4:01  Marine  
  25  4:08  Engineering Bay  
  26  4:11  SCV  
  26  4:16  Marine  
  28  4:24  Barracks  
  28  4:31  Marine  
  29  5:13  Marine  
  33  5:20  Terran Infantry Weapons Level 1  
  30  5:25  Marine, Barracks Tech Lab  
  30  5:29  Unknown  
  31  5:37  Factory  
  31  5:38  SCV, Marine  
  33  5:50  Marine  
  33  5:51  Supply Depot  
  33  5:55  SCV  
  35  6:12  SCV  
  36  6:47  Bunker  
  36  6:56  Barracks Reactor  
  36  7:19  Marine  
  37  7:32  Marine  
  38  7:41  Supply Depot  
  38  7:44  Marine  
  39  7:54  Missile Turret  
  39  7:57  Marine  
  39  7:59  Terran Infantry Armor Level 1  
  40  8:02  Stabilizer Medpacks  
  40  8:09  Marine  
  40  8:12  Supply Depot  
  41  8:22  Medic  
  41  8:25  Missile Turret  
  43  8:32  Armory  
  43  8:33  SCV  
  43  8:34  Medic  
  46  9:25  Marine  
  46  9:26  Marine x2  
  49  9:38  Marine x2, Medic  
  53  9:49  Neosteel Frame  
  53  9:50  Marine  
  53  9:51  Medic  
  56  10:00  SCV  
  56  10:03  Medic  
  59  10:13  Marine  
  59  10:15  Marine  
  59  10:16  Medic  
  63  11:31  Supply Depot  
  63  11:39  Structure Armor  
  63  12:00  Marine x2, Medic  
  63  12:01  SCV  
  63  12:02  Supply Depot  
  68  12:13  Marine x2  
  68  12:18  SCV  
  71  12:31  Medic  
  71  12:34  Supply Depot  
  71  12:35  SCV  
  71  12:39  Terran Infantry Weapons Level 2  
  74  12:44  Marine  
  75  12:52  SCV  
  75  12:53  Marine x2  
  75  12:56  Marine  
  79  13:05  Marine, Supply Depot  
  80  13:37  Supply Depot  
  80  14:09  Supply Depot  
  80  15:49  Terran Infantry Armor Level 2  
  80  15:53  Marine  
  80  15:54  Marine x2  
  83  16:06  Marine x3  
  83  16:08  Supply Depot  
  86  16:17  Orbital Command  
  86  16:18  Marine  
  86  16:19  Marine x2  
  89  16:31  Marine x3  
  92  16:41  Supply Depot  
  92  16:43  Marine  
  92  16:44  Marine x2  
  95  16:55  Marine  
  95  16:56  Marine, Medic  
  99  17:08  Marine x2  
  99  17:09  Medic  
  103  17:19  Supply Depot  
  103  17:21  Medic  
  105  17:51  Supply Depot  
  105  18:15  Command Center  
  105  18:20  Refinery  
  105  18:24  Supply Depot  
  105  18:25  Refinery  
  105  18:26  Missile Turret  
  105  18:35  Bunker  
  105  18:41  Bunker  
  105  18:43  Medic  
  105  18:44  Marine x2  
  109  18:55  Medic  
  109  18:56  Marine x2, Missile Turret, Supply Depot  
  109  18:59  Terran Infantry Weapons Level 3  
  113  19:08  Marine, Medic  
  113  19:09  Marine  
  117  19:20  Medic  
  117  19:21  Marine x2  
  121  19:32  Marine  
  122  20:14  Orbital Command  
  122  20:47  Marine x3  
  125  20:59  Marine  
  125  21:00  Marine x2  
  128  21:12  Marine x3  
  131  21:24  Marine  
  131  21:25  Marine x2  
  134  21:37  Marine  
  135  22:39  Terran Infantry Armor Level 3  
  135  23:10  Medic  
  135  23:12  Marine x2  
  135  23:19  Supply Depot  
  139  23:22  Medic  
  139  23:24  Marine x2  
  143  23:35  Medic  
  143  23:37  Marine x2  
  147  23:47  Medic  
  147  23:49  Marine x2  
  149  23:50  Supply Depot  
  151  24:00  Medic  
  151  24:01  Marine  
  151  24:02  Marine  
  155  24:11  SCV  
  155  24:12  Marine  
  157  24:22  Supply Depot  
  157  24:28  SCV  
  158  24:45  SCV  
  159  24:54  Supply Depot  
  159  25:02  SCV  
  160  25:19  SCV  
  161  25:26  Supply Depot  
  159  25:59  Supply Depot  
  159  26:32  Supply Depot  
  159  27:03  Supply Depot  
Tags
 
Commander
FenixRaynor
Matchup
Co-op
Replay Pack
Multiplayer
Add a new tag
Caveats
  • Supply blocks, unpowered buildings, or Contaminate may cause inaccurate times.
  • Supply counts are checked every 10 seconds.